 Dungeon Crawl Stone Soup version 0.20.1-1-g8b1a95d (webtiles) character file.

27 slep the Skirmisher (level 2, -1/24 HPs)
             Began as a Demonspawn Abyssal Knight on Oct 28, 2017.
             Was a Follower of Lugonu.
             Slain by a kobold (4 damage)
             ... on level 1 of the Dungeon.
             The game lasted 00:03:25 (311 turns).

slep the Skirmisher (Demonspawn Abyssal Knight)      Turns: 311, Time: 00:03:25

Health: -1/24      AC:  3    Str: 12    XL:     2   Next: 93%
Magic:  4/4        EV: 11    Int: 13    God:    Lugonu [*.....]
Gold:   29         SH:  0    Dex: 12    Spells: 1/1 levels left

rFire    . . .     SeeInvis .   a - +1 falchion
rCold    . . .     Gourm    .   (no shield)
rNeg     . . .     Faith    .   b - +0 leather armour
rPois    .         Spirit   .   (no helmet)
rElec    .         Reflect  .   (no cloak)
rCorr    .         Harm     .   (no gloves)
MR       .....                  (no boots)
Stlth    +.........             (no amulet)
Regen    0.1/turn               (no ring)
MPRegen  0.1/turn               (no ring)

@: no status effects
A: hooves 1
a: Depart the Abyss, Renounce Religion


You were on level 1 of the Dungeon.
You worshipped Lugonu.
Lugonu was aware of your devotion.
You were not hungry.

You visited 1 branch of the dungeon, and saw 1 of its levels.
You visited the Abyss 1 time.

You collected 29 gold pieces.

Inventory:

Hand Weapons
 a - a +1 falchion (weapon)
Armour
 b - a +0 leather armour (worn)
Scrolls
 d - a scroll of random uselessness {unknown}
Potions
 e - a potion of resistance {unknown}
Comestibles
 c - 2 bread rations


   Skills:
 + Level 3.3 Fighting
 + Level 2.2 Long Blades
 + Level 2.0 Armour
 + Level 1.0 Dodging
 + Level 2.8 Invocations


You had one spell level left.
You didn't know any spells.

Dungeon Overview and Level Annotations

Branches:
Dungeon (1/15)

Altars:


Innate Abilities, Weirdness & Mutations

You have large cloven feet.


Message History

The jackal bites you but does no damage.
The jackal closely misses you.
You hit the jackal but do no damage. Your kick misses the jackal.
The jackal is almost dead.
The jackal bites you. x2
* * * LOW HITPOINT WARNING * * *
You barely miss the jackal. You kick the jackal.
You kill the jackal!
Lugonu accepts your kill.
You closely miss the kobold. Your kick misses the kobold.
The kobold closely misses you.
You riposte.
You closely miss the kobold. You closely miss the kobold.
Your kick misses the kobold. The kobold hits you but does no damage.
You closely miss the kobold. The kobold closely misses you.
The kobold hits you.
* * * LOW HITPOINT WARNING * * *
You barely miss the kobold. The kobold hits you.
* * * LOW HITPOINT WARNING * * *
You closely miss the kobold. The kobold hits you.
You die...

#.#+# .. #.# ##.#.# #.#
..#.. ..#.# #... #....
..#.# #... #.#.# #.#.#
#....#.#.# #.#.# ###
.#....#.#.###.#.###.....
......K........).†......
#@..†...#.###.....
#.......#.# ...
#...###.#.# . #..)...#
#.#.##### #.#.....
..#.#... . #
#...######.#.# ..
..............# ...
###............##....
...................


You could see a kobold.

Vanquished Creatures
  A dart slug (D:1)
  A leopard gecko (D:1)
  2 goblins (D:1)
  A hobgoblin (D:1)
  10 jackals (D:1)
  A bat (D:1)
  A kobold (D:1)
  4 rats (D:1)
21 creatures vanquished.

Notes
Turn   | Place    | Note
-------+----------+-------------------------------------------
     0 | Abyss:1  | slep the Demonspawn Abyssal Knight began the quest for the Orb.
     0 | Abyss:1  | Reached XP level 1. HP: 18/18 MP: 2/2
    91 | Abyss:1  | Noticed a rakshasa
   160 | Abyss:1  | Noticed a wretched star
   164 | Abyss:1  | Noticed a small abomination
   173 | Abyss:1  | Noticed a quasit
   174 | Abyss:1  | Noticed a small abomination
   184 | Abyss:1  | Noticed a raiju
   186 | Abyss:1  | Noticed a small abomination
   186 | D:1      | Escaped the Abyss
   252 | D:1      | Gained mutation: You have large cloven feet. [demonic ancestry]
   252 | D:1      | Reached XP level 2. HP: 20/24 MP: 3/3
   260 | D:1      | Reached * piety under Lugonu
   299 | D:1      | Reached skill level 1 in Dodging
   311 | D:1      | Slain by a kobold

Skill      XL: |  1  2 |
---------------+-------+-----
Armour         | 2 |  2.0
Long Blades    | 2 |  2.2
Dodging        | 1 |  1.0
Fighting       | |  3.3
Invocations    | |  2.8

Action                   || total
-------------------------++-------
Melee: Falchion          ||    42
       Kick              ||     5
Invok: Depart the Abyss  ||     1
Armor: Leather armour    ||    18
Dodge: Dodged            ||    38
       Rpst.: Falchion   ||    12
